Map: Dusk Towers

Players

Omer

  • Race: Zerg Zerg
  • League: Master

BunnyWillis - Winner!

  • Race: Terran Terran
  • League: Grandmaster

VOD

Have the link to the VOD?

Description

Time

  • Played on: Nov. 22, 2015, 7:36 p.m.
  • Length: 13:31
Show
View Real Time Build Order
Export as new Build Order

Omer Zerg 

Build Orders: Hatch First 

Get SALT Encoding   

  12  0:01  Drone  
  13  0:12  Overlord  
  13  0:18  Drone  
  14  0:33  Drone x2  
  16  0:39  Drone  
  17  0:55  Hatchery  
  16  0:57  Drone  
  16  1:00  Drone  
  18  1:06  Extractor  
  17  1:16  Spawning Pool  
  16  1:21  Drone  
  17  1:28  Drone x2  
  19  1:38  Overlord  
  19  2:03  Zergling x2  
  19  2:04  Zergling x2  
  19  2:07  Metabolic Boost  
  19  2:08  Zergling x2  
  22  2:09  Queen  
  22  2:12  Drone  
  25  2:19  Drone  
  25  2:22  Drone  
  27  2:31  Overlord  
  27  2:36  Queen  
  29  2:47  Hatchery  
  29  2:50  Drone  
  29  2:51  Drone  
  30  2:54  Drone  
  30  2:55  Drone  
  32  3:06  Queen  
  33  3:14  Queen  
  35  3:20  Drone  
  35  3:21  Drone  
  35  3:22  Drone, Baneling Nest  
  37  3:30  Drone x3  
  40  3:34  Drone x2  
  40  3:39  Overlord  
  42  3:43  Overlord  
  42  3:49  Extractor  
  42  3:50  Drone x2  
  42  3:53  Extractor  
  42  4:13  Drone x3  
  42  4:14  Lair  
  45  4:20  Drone x7  
  45  4:21  Drone  
  45  4:22  Extractor  
  52  4:31  Overlord  
  52  4:35  Overlord  
  52  4:42  Evolution Chamber, Drone x2  
  52  4:43  Roach Warren  
  52  4:44  Drone  
  53  4:46  Drone  
  54  5:00  Zergling x2  
  54  5:01  Zergling x14  
  54  5:05  Drone x2  
  64  5:08  Zerg Missile Weapons Level 1  
  64  5:10  Drone  
  64  5:12  Drone  
  66  5:21  Drone x5  
  68  5:22  Drone  
  68  5:25  Drone  
  68  5:26  Drone  
  68  5:27  Extractor  
  72  5:39  Glial Reconstitution  
  72  5:42  Drone  
  73  5:43  Overlord x2  
  73  5:44  Overlord  
  73  5:56  Infestation Pit  
  72  5:57  Drone  
  72  6:04  Hatchery  
  72  6:09  Overseer  
  72  6:11  Roach x9  
  76  6:13  Overlord  
  76  6:16  Centrifical Hooks  
  90  6:19  Roach  
  92  6:26  Drone x5  
  92  6:28  Evolution Chamber, Drone  
  97  6:49  Ravager x2  
  97  6:50  Ravager x7  
  97  6:51  Overlord  
  97  6:52  Overlord x3  
  106  6:55  Hive  
  106  6:59  Pneumatized Carapace  
  106  7:00  Extractor  
  105  7:07  Baneling  
  105  7:08  Baneling x5  
  105  7:22  Zerg Melee Weapons Level 1  
  105  7:25  Drone x4  
  105  7:26  Drone x12  
  121  7:34  Spine Crawler, Extractor  
  121  7:35  Extractor  
  118  7:44  Spore Crawler, Drone  
  118  7:45  Drone x2, Spore Crawler x2  
  113  8:09  Overlord  
  102  8:25  Overlord x2  
  100  8:27  Zerg Ground Armor Level 1  
  100  8:28  Pathogen Glands  
  100  8:31  Roach x7  
  100  8:32  Roach x2, Ultralisk Cavern  
  117  8:39  Drone x4  
  121  8:42  Extractor  
  121  8:47  Zergling x2  
  121  8:48  Zergling x14  
  128  8:53  Overseer  
  128  8:56  Adrenal Glands  
  128  8:57  Queen  
  118  9:16  Zergling x4  
  118  9:17  Zergling x30  
  120  9:27  Drone  
  120  9:28  Drone x4  
  125  9:36  Chitinous Plating  
  125  9:38  Ultralisk x5  
  155  9:42  Extractor  
  154  9:48  Spine Crawler  
  154  9:49  Spine Crawler  
  154  9:50  Spine Crawler  
  154  9:52  Spine Crawler  
  148  9:56  Baneling  
  148  9:57  Baneling x10  
  148  9:59  Roach  
  150  10:04  Zergling x2  
  150  10:05  Zergling x6  
  98  10:29  Zergling x2  
  98  10:30  Zergling x30  
  106  10:41  Ultralisk  
  112  10:51  Baneling x10  
  112  10:53  Ravager  
  112  10:54  Ravager  
  113  10:59  Overseer  
  113  11:00  Overseer x2  
  103  11:36  Ultralisk  
  103  11:37  Ultralisk x4  
  132  11:57  Hatchery  
  132  11:58  Ultralisk  
  137  12:05  Baneling  
  137  12:06  Baneling x7  
  137  12:11  Overlord x3  
  137  12:29  Hatchery  
  121  12:35  Infestor x4  
  102  12:39  Zergling x4  
  102  12:40  Zergling x26  
  91  13:05  Zergling x16  
Show
View Real Time Build Order
Export as new Build Order

BunnyWillis Terran - Winner!

Build Orders: Command Center First (CC), Bio Mine 

Get SALT Encoding   

  12  0:01  SCV  
  13  0:13  SCV  
  14  0:18  Supply Depot  
  14  0:25  SCV  
  15  0:39  SCV  
  16  0:51  SCV  
  17  1:04  Command Center  
  17  1:06  SCV  
  18  1:15  Barracks  
  18  1:18  SCV  
  19  1:30  SCV  
  20  1:42  SCV  
  21  1:53  Command Center  
  21  1:56  SCV  
  22  2:03  Marine  
  23  2:10  Orbital Command  
  23  2:15  Orbital Command  
  23  2:21  Marine  
  24  2:29  Barracks  
  23  2:37  SCV  
  23  2:39  Marine  
  23  2:42  SCV  
  26  2:49  SCV  
  27  2:54  SCV  
  27  2:58  Barracks, Marine  
  28  3:01  SCV  
  30  3:06  SCV, Orbital Command  
  30  3:08  Barracks  
  31  3:14  SCV, Barracks  
  31  3:18  SCV  
  31  3:19  Marine x2  
  35  3:26  SCV  
  36  3:28  Refinery  
  36  3:29  Refinery  
  36  3:30  SCV  
  36  3:33  SCV  
  38  3:34  Bunker  
  38  3:38  SCV  
  38  3:39  Marine  
  38  3:40  Marine  
  41  3:42  SCV  
  41  3:46  SCV  
  43  3:50  SCV  
  43  3:54  SCV  
  45  3:57  Marine  
  45  3:58  SCV, Barracks Tech Lab, Marine  
  45  3:59  Marine  
  45  4:01  Marine  
  45  4:02  SCV  
  51  4:07  SCV  
  51  4:10  SCV  
  51  4:13  Refinery  
  51  4:14  SCV, Refinery  
  51  4:17  Supply Depot  
  53  4:18  Supply Depot  
  53  4:23  Stimpack  
  53  4:32  Engineering Bay  
  53  4:33  Engineering Bay  
  53  4:38  SCV x3, Marine x5  
  61  4:41  Supply Depot  
  61  4:50  SCV x2  
  61  4:51  Factory  
  63  4:53  Orbital Command  
  63  4:56  Marine x5  
  63  4:58  Terran Infantry Weapons Level 1, Terran Infantry Armor Level 1  
  68  5:02  SCV x2  
  70  5:13  Supply Depot  
  70  5:14  SCV x2  
  70  5:15  Supply Depot  
  70  5:16  Supply Depot  
  70  5:19  SCV  
  73  5:22  Barracks Reactor x2  
  73  5:26  Marine  
  74  5:29  SCV x2  
  74  5:31  SCV  
  74  5:33  Barracks Reactor  
  74  5:34  Barracks Reactor  
  77  5:35  Bunker  
  77  5:38  Supply Depot  
  77  5:41  SCV x2  
  79  5:43  Supply Depot, SCV  
  79  5:44  Factory Reactor, Marine  
  79  5:49  Starport  
  81  5:54  SCV x2  
  81  5:55  SCV  
  84  5:59  Armory  
  84  6:02  Missile Turret  
  84  6:04  Missile Turret  
  84  6:05  Missile Turret  
  84  6:07  Missile Turret  
  84  6:08  Missile Turret  
  84  6:09  SCV x3  
  87  6:14  Marine  
  87  6:15  Marine x8  
  96  6:18  Supply Depot  
  96  6:19  Supply Depot  
  96  6:21  SCV x3  
  99  6:26  Combat Shields  
  98  6:33  SCV x3, Factory Reactor  
  98  6:34  Supply Depot x2  
  98  6:35  Supply Depot, Medivac  
  98  6:36  Medivac  
  105  6:43  Missile Turret  
  105  6:44  Refinery  
  105  6:46  Factory  
  105  6:48  SCV x3  
  105  6:51  Marine  
  105  6:52  Marine x6  
  105  6:53  Marine  
  116  6:55  Marine  
  116  6:57  Terran Infantry Weapons Level 2  
  117  7:02  Terran Infantry Armor Level 2  
  117  7:09  Marine  
  117  7:10  Marine x7  
  117  7:13  Marine  
  126  7:21  Widow Mine x2  
  126  7:22  Command Center, Medivac x2  
  134  7:27  Marine  
  134  7:28  Marine x5  
  140  7:31  Factory Tech Lab  
  140  7:33  Supply Depot x2  
  139  7:42  Marine  
  139  7:43  Marine x2  
  140  7:45  Marine  
  140  7:50  Barracks  
  140  7:51  Barracks  
  141  7:52  Barracks  
  141  7:55  Marine x5  
  141  7:56  Widow Mine x2  
  141  7:57  Drilling Claws  
  152  8:00  Siege Tank, Marine x3  
  152  8:04  Medivac x2  
  160  8:11  Marine  
  161  8:12  Marine  
  161  8:13  Marine  
  161  8:14  Marine x3  
  166  8:23  Marine  
  166  8:24  Marine  
  166  8:25  Marine, Widow Mine x2  
  173  8:33  Siege Tank, Marine x2  
  178  8:34  Supply Depot, Medivac x2  
  178  8:40  Marine x2  
  184  8:46  Marine  
  184  8:53  Widow Mine x2  
  188  9:04  Medivac x2  
  188  9:05  Marine x2  
  188  9:06  Siege Tank, Marine x2  
  188  9:07  Marine  
  188  9:08  Marine  
  199  9:12  Marine  
  199  9:13  Terran Infantry Weapons Level 3, Marine  
  190  9:19  Barracks Tech Lab  
  190  9:20  Barracks Tech Lab x2  
  190  9:21  Marauder  
  188  9:32  Widow Mine x2  
  188  9:34  Medivac x2  
  196  9:39  Refinery  
  196  9:41  Refinery  
  196  9:42  Refinery, Marine x3  
  196  9:45  Command Center  
  199  9:59  Terran Infantry Armor Level 3, Marine  
  200  10:01  Marine  
  177  10:24  Marine x2  
  177  10:25  Liberator x2, Marine x5  
  177  10:26  Marauder x2  
  177  10:27  Marauder x2, Widow Mine x2  
  159  10:36  Marine  
  159  10:40  Thor  
  159  10:42  Marine x3  
  173  10:43  Marine x2  
  173  10:48  Marauder x3  
  183  10:51  Planetary Fortress  
  183  10:55  Widow Mine x2  
  187  11:03  Marine x5  
  187  11:04  Marauder, Marine  
  193  11:06  Planetary Fortress  
  193  11:07  Command Center  
  193  11:09  Marauder x2  
  199  11:11  Marine  
  96  11:18  Liberator  
  200  11:23  Marine, Marauder  
  200  11:24  Marine  
  192  11:26  Marauder  
  192  11:30  Marauder  
  196  11:38  Marauder  
  200  11:55  Command Center, Concussive Shells  
  200  11:57  Command Center  
  200  11:59  Command Center  
  200  12:27  Liberator  
  192  12:35  Marine x2  
  192  12:36  Marine  
  192  12:37  Marine x2  
  181  12:38  Marauder x4  
  181  12:39  Siege Tank, Widow Mine x2  
  194  12:58  Marine x2  
  183  12:59  Marauder  
  183  13:00  Marine x3  
  183  13:01  Marauder  
  174  13:05  Marine x2  
  174  13:06  Marine x3  
Tags
 
Add a new tag
Caveats
  • Supply blocks, unpowered buildings, or Contaminate may cause inaccurate times.
  • Supply counts are checked every 10 seconds.